Map: Orbital Shipyard

Players

Scytherino - Winner!

  • Race: Terran Terran
  • League: Grandmaster

MagicRover

  • Race: Protoss Protoss
  • League: Master

Event: Gauntlet LotV Series 1 Qualifier 2

VOD

Have the link to the VOD?

Description

Time

  • Played on: Dec. 5, 2015, 1:23 p.m.
  • Length: 12:06

All games in this series

Show
View Real Time Build Order
Export as new Build Order

Scytherino Terran - Winner!

Build Orders: Reaper Expand, MMM Bio 

Get SALT Encoding   

  12  0:01  SCV  
  13  0:13  SCV  
  14  0:20  Supply Depot  
  14  0:25  SCV  
  15  0:42  SCV, Barracks  
  16  0:48  Refinery  
  16  0:54  SCV  
  17  1:06  SCV  
  18  1:18  SCV  
  19  1:30  Orbital Command  
  19  1:31  Reaper  
  20  1:45  Command Center  
  20  1:57  SCV  
  20  1:59  Supply Depot  
  21  2:03  Reaper  
  22  2:27  SCV  
  23  2:30  Barracks  
  23  2:32  Barracks  
  23  2:43  SCV  
  22  2:47  Barracks  
  22  2:57  Bunker  
  22  2:58  Orbital Command  
  22  3:00  SCV  
  23  3:12  SCV  
  24  3:18  Marine  
  24  3:19  Marine  
  26  3:20  Factory  
  26  3:25  SCV  
  27  3:31  SCV  
  27  3:33  Supply Depot, Refinery  
  28  3:38  Marine x2  
  28  3:40  SCV  
  31  3:42  Barracks Tech Lab  
  31  3:45  SCV  
  32  3:52  SCV  
  33  3:56  Marine x2  
  33  3:57  SCV  
  36  4:11  SCV, Marine  
  36  4:14  Marine  
  39  4:22  Marine  
  39  4:24  SCV x2, Stimpack, Starport  
  39  4:27  Factory Reactor  
  39  4:28  Marine  
  42  4:32  Marine  
  42  4:36  SCV  
  42  4:37  SCV  
  45  4:38  Supply Depot  
  45  4:40  Marine  
  46  4:46  Marine  
  46  4:47  Supply Depot  
  46  4:49  SCV x2, Marine  
  50  4:54  Engineering Bay  
  50  4:58  Marine  
  51  5:01  SCV x2  
  51  5:06  Marine  
  54  5:07  Marine  
  54  5:09  Medivac x2  
  54  5:13  SCV x2, Supply Depot  
  61  5:14  Refinery  
  61  5:16  Marine  
  61  5:17  Factory Reactor  
  62  5:21  Supply Depot  
  62  5:23  Terran Infantry Weapons Level 1  
  62  5:25  SCV, Marine  
  62  5:26  Marine  
  65  5:34  Marine  
  65  5:35  SCV  
  66  5:43  Marine  
  66  5:45  Marine  
  64  6:01  Missile Turret  
  64  6:02  Widow Mine x2  
  64  6:03  Medivac x2  
  64  6:04  SCV x2  
  74  6:05  Missile Turret  
  74  6:09  Barracks Reactor  
  74  6:13  Barracks Tech Lab  
  74  6:16  SCV x2  
  76  6:19  Marine  
  76  6:23  Supply Depot  
  77  6:28  SCV x2  
  77  6:30  Widow Mine  
  80  6:36  Marine  
  79  6:40  SCV  
  72  6:56  Marine  
  72  6:57  Marauder, Marine x2  
  72  6:59  Medivac x2  
  72  7:00  SCV x2  
  76  7:02  Supply Depot  
  76  7:03  Widow Mine x2  
  80  7:13  SCV x2  
  80  7:14  Marine  
  80  7:15  Marine  
  84  7:17  Command Center, Marauder  
  84  7:18  Combat Shields, Marine  
  87  7:23  Refinery  
  87  7:25  SCV  
  88  7:33  Marine x2  
  88  7:34  SCV, Widow Mine  
  88  7:35  Widow Mine  
  88  7:36  Marauder  
  97  7:39  Medivac  
  97  7:40  SCV  
  100  7:46  SCV  
  100  7:48  Supply Depot x2  
  101  7:52  SCV  
  101  7:54  Terran Infantry Armor Level 1  
  102  7:58  SCV  
  102  8:00  Marine x2  
  102  8:04  SCV  
  106  8:07  Marine  
  106  8:08  Marauder  
  106  8:10  SCV  
  110  8:16  SCV  
  110  8:18  Supply Depot x2, Marine  
  112  8:21  Marine  
  112  8:23  SCV  
  112  8:25  Marine  
  115  8:28  SCV  
  115  8:30  Orbital Command  
  116  8:34  Marauder  
  116  8:35  SCV, Widow Mine  
  121  8:42  Marine x2  
  125  8:48  Marauder  
  125  8:52  Barracks  
  125  8:53  Barracks  
  125  8:54  Missile Turret  
  125  8:55  SCV x2  
  127  9:10  Marauder, Marine x2  
  127  9:11  Marine  
  127  9:29  Marauder  
  124  9:32  Marine  
  124  9:33  Marauder, Marine  
  124  9:36  Refinery  
  124  9:37  Refinery, Starport, Medivac x2  
  130  9:40  Armory, Engineering Bay, Marine  
  127  9:50  Marine x2  
  127  9:51  Marauder  
  132  9:54  Marauder  
  125  10:05  Barracks Tech Lab x2  
  123  10:08  Barracks, Marine  
  123  10:10  Barracks  
  123  10:12  Marauder  
  126  10:16  Marauder  
  126  10:18  Marine  
  119  10:23  Viking x2  
  119  10:25  Starport Reactor  
  119  10:26  Marine x2  
  119  10:27  Marauder  
  127  10:33  Marauder  
  129  10:35  Marine  
  129  10:37  SCV, Marauder  
  133  10:44  Marine x2  
  133  10:47  Marine  
  136  10:53  Marine  
  136  10:55  Marauder  
  139  10:59  Barracks Tech Lab x2, Marauder  
  139  11:00  Viking x2  
  139  11:02  Marauder, Marine  
  143  11:06  Marauder  
  143  11:10  Viking  
  143  11:11  Viking, Marine  
  133  11:16  SCV, Marauder  
  135  11:19  Marine x2  
  135  11:20  Marauder x2  
  135  11:24  Supply Depot, Marauder  
  143  11:27  Marine  
  143  11:29  Marine  
  143  11:30  Viking  
  147  11:35  Viking  
  147  11:37  Marine x2  
  147  11:38  Marauder  
  153  11:41  Marauder, Marine  
  153  11:46  Command Center  
Show
View Real Time Build Order
Export as new Build Order

MagicRover Protoss 

Build Orders: 1 Gate Expand 

Get SALT Encoding   

  12  0:01  Probe (Chrono Boost)  
  13  0:12  Probe (Chrono Boost)  
  14  0:18  Pylon  
  14  0:22  Probe (Chrono Boost)  
  15  0:36  Probe (Chrono Boost)  
  15  0:38  Gateway  
  16  0:43  Assimilator  
  16  0:46  Probe (Chrono Boost)  
  18  0:57  Probe (Chrono Boost)  
  18  1:07  Probe (Chrono Boost)  
  19  1:22  Nexus  
  19  1:34  Cybernetics Core  
  19  1:40  Zealot (Chrono Boost)  
  19  1:43  Probe  
  22  1:55  Probe  
  23  2:03  Pylon  
  23  2:21  Mothership Core (Chrono Boost)  
  23  2:22  Stalker  
  25  2:39  Probe (Chrono Boost)  
  26  2:44  Probe (Chrono Boost)  
  26  2:48  Warp Gate  
  26  2:50  Probe (Chrono Boost)  
  27  2:58  Probe (Chrono Boost)  
  28  3:00  Probe (Chrono Boost)  
  28  3:04  Assimilator  
  28  3:09  Probe (Chrono Boost)  
  28  3:11  Probe (Chrono Boost)  
  30  3:19  Probe (Chrono Boost)  
  31  3:21  Probe (Chrono Boost)  
  31  3:25  Stalker  
  34  3:30  Probe (Chrono Boost)  
  34  3:32  Probe (Chrono Boost)  
  36  3:40  Probe (Chrono Boost)  
  37  3:42  Probe (Chrono Boost)  
  38  3:51  Probe (Chrono Boost)  
  38  3:53  Probe (Chrono Boost)  
  38  3:54  Stargate  
  40  4:01  Probe (Chrono Boost)  
  41  4:03  Probe (Chrono Boost)  
  40  4:12  Probe (Chrono Boost), Pylon  
  40  4:14  Probe (Chrono Boost)  
  41  4:22  Probe (Chrono Boost)  
  41  4:25  Probe (Chrono Boost)  
  41  4:28  Gateway  
  42  4:31  Pylon  
  42  4:33  Probe (Chrono Boost)  
  42  4:34  Probe (Chrono Boost)  
  42  4:36  Oracle (Chrono Boost)  
  47  4:42  Robotics Facility  
  47  4:44  Probe  
  47  4:45  Probe  
  48  4:52  Assimilator  
  49  4:53  Assimilator  
  49  4:55  Probe  
  49  4:56  Probe  
  51  5:02  Pylon  
  51  5:04  Sentry  
  51  5:06  Probe (Chrono Boost)  
  53  5:08  Probe (Chrono Boost)  
  55  5:18  Probe (Chrono Boost)  
  55  5:20  Probe (Chrono Boost)  
  46  5:21  Phoenix  
  57  5:27  Probe (Chrono Boost), Forge, Pylon  
  59  5:30  Probe, Observer (Chrono Boost)  
  59  5:31  Adept  
  59  5:32  Adept  
  66  5:37  Probe  
  66  5:42  Probe  
  68  5:53  Phoenix  
  68  5:56  Observer (Chrono Boost)  
  71  6:00  Pylon  
  71  6:01  Photon Cannon  
  71  6:04  Robotics Bay  
  71  6:05  Zealot x2  
  71  6:09  Probe  
  76  6:13  Pylon  
  76  6:14  Pylon  
  76  6:20  Protoss Ground Weapons Level 1, Phoenix  
  78  6:27  Probe x2 (Chrono Boost)  
  78  6:35  Adept x2  
  78  6:38  Probe (Chrono Boost)  
  82  6:46  Probe (Chrono Boost)  
  82  6:47  Phoenix  
  76  7:00  Colossus (Chrono Boost)  
  80  7:02  Probe x2 (Chrono Boost)  
  82  7:08  Nexus  
  82  7:13  Phoenix  
  84  7:18  Adept x2  
  88  7:24  Gateway  
  88  7:25  Probe x2 (Chrono Boost)  
  88  7:26  Gateway  
  88  7:27  Gateway  
  88  7:28  Pylon  
  90  7:38  Phoenix  
  90  7:42  Probe x2  
  94  7:46  Pylon  
  94  7:47  Photon Cannon  
  94  7:51  Pylon  
  94  7:52  Photon Cannon  
  94  7:59  Colossus (Chrono Boost), Probe  
  94  8:02  Probe  
  102  8:09  Phoenix  
  104  8:14  Pylon  
  104  8:16  Pylon  
  104  8:19  Stalker x2  
  108  8:23  Sentry  
  108  8:26  Adept x2  
  114  8:27  Probe  
  114  8:29  Probe x2  
  117  8:44  Probe  
  117  8:45  Probe  
  117  8:46  Colossus (Chrono Boost)  
  125  8:49  Adept x2  
  125  8:50  Adept  
  125  8:51  Zealot  
  125  8:53  Protoss Ground Armor Level 1  
  125  8:55  Adept  
  134  9:07  Photon Cannon  
  134  9:10  Pylon, Phoenix  
  136  9:28  Adept x2  
  136  9:29  Adept x3  
  136  9:32  Probe x2  
  136  9:36  Probe  
  131  9:44  Probe x2  
  123  9:48  Probe  
  123  9:49  Observer (Chrono Boost)  
  124  9:53  Assimilator  
  124  9:55  Pylon  
  124  9:56  Probe x2  
  124  9:58  Assimilator  
  124  10:01  Probe  
  124  10:08  Pylon  
  119  10:15  Probe  
  119  10:19  Nexus  
  114  10:26  Phoenix  
  114  10:27  Probe  
  117  10:35  Mothership Core  
  118  10:41  Pylon  
  118  10:43  Pylon  
  118  11:00  Colossus (Chrono Boost)  
  118  11:02  Stalker  
  118  11:03  Stalker x2  
  116  11:12  Probe x2  
  118  11:24  Probe x2  
  120  11:30  Sentry  
  120  11:32  Adept, Zealot x3  
  127  11:33  Probe  
  127  11:35  Pylon  
  127  11:36  Probe  
  127  11:37  Probe  
  126  11:52  Zealot x2  
  126  11:53  Zealot x3  
Tags
 
Add a new tag
Caveats
  • Supply blocks, unpowered buildings, or Contaminate may cause inaccurate times.
  • Supply counts are checked every 10 seconds.